 Dungeon Sprint DCSS version 0.22.1-2-g9c5b331383 (webtiles) character file.

18155 Groucho the Minotaur Aeon (level 12, -5/110 HPs)
             Began as a Minotaur Fighter on Nov 15, 2018.
             Was the Champion of Cheibriados.
             Slain by an orc warlord
             ... wielding a +4 war axe of electrocution
              (30 damage)
             ... in the Dungeon (Sprint VII: "The Pits").
             The game lasted 00:09:20 (4069 turns).

Groucho the Minotaur Aeon (Minotaur Fighter)        Turns: 4069, Time: 00:09:20

Health: -5/110     AC: 24    Str: 36    XL:     12   Next: 25%
Magic:  7/23       EV: 15    Int: 20    God:    Cheibriados [******]
Gold:   45         SH: 18    Dex: 33    Spells: 11/11 levels left

rFire    . . .     SeeInvis .   A - +1 broad axe (freeze)
rCold    . . .     Gourm    .   c - +0 shield
rNeg     . . .     Faith    .   C - +3 plate armour
rPois    +         Spirit   .   (helmet restricted)
rElec    .         Reflect  .   w - +0 cloak {MR+}
rCorr    .         Harm     .   (no gloves)
MR       +....     NoTele   +   B - +0 pair of boots
Stlth    ..........             (no amulet)
HPRegen  0.28/turn              x - +3 ring of dexterity
MPRegen  0.18/turn              E - ring of poison resistance

@: very slow
A: retaliatory headbutt, horns 2
a: Bend Time, Temporal Distortion, Slouch, Step From Time, Renounce Religion


You were in the Dungeon.
You worshipped Cheibriados.
Cheibriados was exalted by your worship.
You were not hungry.

You visited 1 branch You collected 45 gold pieces.

Inventory:

Hand Weapons
 z - a +2 morningstar of protection
 A - a +1 broad axe of freezing (weapon)
Missiles
 s - 74 stones (quivered)
Armour
 c - a +0 shield (worn)
 w - a +0 cloak of magic resistance (worn)
 B - a +0 pair of boots (worn)
 C - a +3 plate armour (worn)
Jewellery
 x - a +3 ring of dexterity (left hand)
 D - an uncursed ring of ice
 E - a ring of poison resistance (right hand)
Wands
 b - a wand of digging (17)
Scrolls
 a - 2 scrolls of enchant armour
 k - 3 scrolls of blinking
 m - 4 scrolls of enchant weapon
 n - a scroll of fear
 p - 5 scrolls of remove curse
 q - 5 scrolls of amnesia
 r - a scroll of summoning
 u - a scroll of magic mapping
 v - 3 scrolls of identify
Potions
 d - 3 potions of might
 e - 7 potions of curing
 g - 6 potions of heal wounds
 h - 6 potions of haste
 i - 4 potions of magic
 j - 5 potions of berserk rage
 l - 2 potions of brilliance
 o - 2 potions of invisibility
 t - 2 potions of mutation
Comestibles
 f - 7 rations


   Skills:
 * Level 11.2 Fighting
 * Level 10.9 Axes
 + Level 16.7 Armour
 + Level 6.3 Dodging
 + Level 16.7 Shields
 * Level 8.7 Unarmed Combat
 + Level 17.9 Invocations


You had 11 spell levels left.
You didn't know any spells.
Your spell library was empty.

Dungeon Overview and Level Annotations

Branches:
Dungeon (1/1)

Altars:
Ashenzari
Cheibriados
Dithmenos
Elyvilon
Fedhas
Gozag
Hepliaklqana
Kikubaaqudgha
Makhleb
Nemelex Xobeh
Okawaru
Qazlal
Ru
Sif Muna
Trog
Uskayaw
Vehumet
Wu Jian
Xom
Yredelemnul
Zin
The Shining One
Beogh
Jiyva
Lugonu


Innate Abilities, Weirdness & Mutations

You reflexively headbutt those who attack you in melee.
You have a pair of horns on your head.


Message History

You headbutt the orc warlord. The orc warlord closely misses you.
You furiously retaliate!
You headbutt the orc warlord, but do no damage.
You block the orc knight's attack.
Unknown command.
Unknown command.
Unknown command.
You can feel time thicken for a moment.
You kill the orc knight!
Cheibriados appreciates the change of pace.
You feel somewhat more hungry.
The orc warlord hits you with a war axe of electrocution!!
You are electrocuted!
The orc warlord hits you with a vampiric long sword!!!
* * * LOW HITPOINT WARNING * * *
The orc warlord draws strength from your wounds!
Unknown command.
You feel much better.
The orc warlord hits you with a war axe of electrocution!!
You die...

#++######################
#.........)).op..........
#.....)....)†@o..........
#..##############''######
#..# ...... #..# #....#.#
#..# O........ #..#
O#....#.#.# #..#
c.o.......# #..# #
#.o..#.#. ####†.#


You could see 2 orc warlords and a vault guard.

Vanquished Creatures
  A death cob (D)
  An emperor scorpion (D)
  Harold (D)
  3 two-headed ogres (D)
  A death yak (D)
  2 sea snakes (D)
  A fire crab (D)
  3 orc knights (D)
  5 deep elf magi (D)
  A large abomination (D)
  Joseph (D)
  2 spiny frogs (D)
  A freezing wraith (D)
  A yaktaur (D)
  A rime drake (D)
  A komodo dragon (D)
  2 demonic crawlers (D)
  A polar bear (D)
  A red devil (D)
  A jumping spider (D)
  Prince Ribbit (D)
  A bog body (D)
  A snapping turtle (D)
  A hippogriff (D)
  An air elemental (D)
  A shadow (D)
  A tarantella (D)
  A flying skull (D)
  2 redbacks (D)
  A ynoxinul (D)
  A wyvern (D)
  A small abomination (D)
  A soldier ant (D)
  A floating eye (D)
  An ice beast (D)
  A swamp drake (D)
  A black bear (D)
  An ogre (D)
  12 wolves (D)
  A crocodile (D)
  A gnoll sergeant (D)
  2 scorpions (D)
  A quasit (D)
  Crazy Yiuf (D)
  A mummy (D)
  5 gnolls (D)
  2 oozes (D)
  A giant cockroach (D)
  A goblin (D)
  3 hobgoblins (D)
  3 jackals (D)
  A ball python (D)
  2 frilled lizards (D)
  A giant cockroach zombie (D)
  A quokka skeleton (D)
89 creatures vanquished.

Notes
Turn   | Place    | Note
-------+----------+-------------------------------------------
     0 | D        | Groucho the Minotaur Fighter began the quest for the Orb.
     0 | D        | Reached XP level 1. HP: 19/19 MP: 0/0
    14 | D        | Reached skill level 1 in Dodging
    14 | D        | Reached XP level 2. HP: 27/27 MP: 1/1
    48 | D        | Found a bloodstained altar of Trog.
    48 | D        | Found a deep blue altar of Sif Muna.
    48 | D        | Found a viscous altar of Jiyva.
    48 | D        | Found a hazy altar of Hepliaklqana.
    48 | D        | Found an opulent altar of Gozag.
    49 | D        | Found a glowing golden altar of the Shining One.
    49 | D        | Found a glowing silver altar of Zin.
    49 | D        | Found a basalt altar of Yredelemnul.
    49 | D        | Found a shimmering altar of Xom.
    49 | D        | Found an ornate altar of the Wu Jian Council.
    49 | D        | Found a sacrificial altar of Ru.
    49 | D        | Found a stormy altar of Qazlal.
    49 | D        | Found an iron altar of Okawaru.
    49 | D        | Found a sparkling altar of Nemelex Xobeh.
    49 | D        | Found a burning altar of Makhleb.
    49 | D        | Found a blossoming altar of Fedhas.
    49 | D        | Found a white marble altar of Elyvilon.
    49 | D        | Found a shadowy altar of Dithmenos.
    49 | D        | Found a snail-covered altar of Cheibriados.
    51 | D        | Found a radiant altar of Vehumet.
    51 | D        | Found a corrupted altar of Lugonu.
    51 | D        | Found a roughly hewn altar of Beogh.
    52 | D        | Found a hide-covered altar of Uskayaw.
    52 | D        | Found an ancient bone altar of Kikubaaqudgha.
    52 | D        | Found a shattered altar of Ashenzari.
    60 | D        | Became a worshipper of Cheibriados the Contemplative
    83 | D        | Reached * piety under Cheibriados
    88 | D        | Noticed a floating eye
    91 | D        | Reached ** piety under Cheibriados
    91 | D        | Reached skill level 1 in Invocations
    93 | D        | Killed a floating eye
    93 | D        | Reached skill level 5 in Invocations
    93 | D        | Reached XP level 3. HP: 33/33 MP: 1/6
    93 | D        | Reached XP level 4. HP: 40/40 MP: 1/7
    93 | D        | Reached *** piety under Cheibriados
   251 | D        | Reached **** piety under Cheibriados
   356 | D        | Noticed a black bear
   361 | D        | Killed a black bear
   361 | D        | Reached skill level 7 in Invocations
   361 | D        | Reached XP level 5. HP: 37/46 MP: 7/9
   446 | D        | Noticed a wolf
   451 | D        | Killed a wolf
   451 | D        | Reached ***** piety under Cheibriados
   451 | D        | Reached skill level 8 in Invocations
   451 | D        | Reached XP level 6. HP: 52/52 MP: 9/11
   451 | D        | Reached skill level 9 in Invocations
   457 | D        | Reached ****** piety under Cheibriados
   459 | D        | Reached skill level 10 in Invocations
   734 | D        | Reached XP level 7. HP: 51/59 MP: 13/13
   737 | D        | Noticed a deep elf mage
   744 | D        | Killed a deep elf mage
   744 | D        | Reached skill level 10 in Armour
   744 | D        | Reached skill level 10 in Shields
   744 | D        | Reached skill level 11 in Invocations
   927 | D        | Noticed Crazy Yiuf
   927 | D        | Noticed a death yak
   927 | D        | Noticed Joseph
   928 | D        | Killed Crazy Yiuf
   928 | D        | Reached XP level 8. HP: 66/66 MP: 12/15
   931 | D        | Killed a death yak
   931 | D        | Reached skill level 13 in Invocations
   932 | D        | Killed Joseph
  1409 | D        | Noticed a flying skull
  1409 | D        | Noticed Harold
  1409 | D        | Noticed a snapping turtle
  1414 | D        | Killed a flying skull
  1414 | D        | Reached XP level 9. HP: 57/71 MP: 18/18
  1423 | D        | Killed Harold
  1423 | D        | Reached skill level 14 in Invocations
  1766 | D        | Noticed a polar bear
  1772 | D        | Killed a polar bear
  1772 | D        | Reached skill level 15 in Invocations
  1785 | D        | Noticed a sea snake
  1794 | D        | Killed a sea snake
  1945 | D        | Noticed a spiny frog
  1949 | D        | Killed a spiny frog
  1949 | D        | Reached XP level 10. HP: 79/79 MP: 20/20
  1958 | D        | Noticed a sea snake
  1964 | D        | Killed a sea snake
  1964 | D        | Reached skill level 16 in Invocations
  2561 | D        | Reached skill level 15 in Armour
  2561 | D        | Reached skill level 15 in Shields
  2565 | D        | Reached skill level 17 in Invocations
  2760 | D        | Noticed a death cob
  2766 | D        | Killed a death cob
  2766 | D        | Reached skill level 5 in Axes
  2766 | D        | Reached XP level 11. HP: 60/89 MP: 22/22
  2978 | D        | Noticed a deep elf mage
  2978 | D        | Noticed a deep elf mage
  2988 | D        | Killed a deep elf mage
  2988 | D        | Reached skill level 1 in Unarmed Combat
  2994 | D        | Killed a deep elf mage
  3005 | D        | Noticed a deep elf mage
  3005 | D        | Noticed Prince Ribbit
  3005 | D        | Noticed a fire crab
  3010 | D        | Killed Prince Ribbit
  3014 | D        | Killed a deep elf mage
  3015 | D        | Killed a fire crab
  3015 | D        | Reached skill level 5 in Unarmed Combat
  3765 | D        | Noticed a deep elf mage
  3765 | D        | Noticed an emperor scorpion
  3769 | D        | Killed a deep elf mage
  3777 | D        | Killed an emperor scorpion
  3777 | D        | Reached skill level 10 in Fighting
  3777 | D        | Reached skill level 5 in Dodging
  4035 | D        | Noticed a two-headed ogre
  4035 | D        | Noticed an orc knight
  4035 | D        | Noticed a two-headed ogre
  4035 | D        | Noticed a two-headed ogre
  4036 | D        | Noticed an orc knight
  4044 | D        | Killed a two-headed ogre
  4044 | D        | Killed a two-headed ogre
  4044 | D        | Reached skill level 10 in Axes
  4044 | D        | Reached XP level 12. HP: 107/107 MP: 17/23
  4045 | D        | Killed a two-headed ogre
  4056 | D        | Noticed an orc warlord
  4061 | D        | Noticed an orc warlord
  4063 | D        | Noticed a vault guard
  4069 | D        | Slain by an orc warlord

Skill      XL: |  1  2  3  4  5  6  7  8  9 10 11 12 |
---------------+-------------------------------------+-----
Fighting       | 4 6 10 11 | 11.2
Axes           | 3 5 10 | 10.9
Armour         | 4 6 7 8 9 11 12 14 15 16 | 16.7
Dodging        | 1 5 6 |  6.3
Shields        | 4 6 7 8 9 10 12 14 15 16 | 16.7
Invocations    | 5 7 8 10 11 13 15 17 | 17.9
Unarmed Combat | 7 8 |  8.7

Action                   |  1- 3 |  4- 6 |  7- 9 | 10-12 || total
-------------------------+-------+-------+-------+-------++-------
Melee: War axe           |     5 |       |       |       ||     5
       Hand axe          |    11 |    14 |     5 |       ||    30
       Headbutt          |     3 |     4 |    17 |    42 ||    66
       Broad axe         |       |       |    34 |   112 ||   146
Invok: Slouch            |       |     2 |     4 |    10 ||    16
  Use: Potion            |       |       |     2 |     2 ||     4
  Eat: Ration            |       |       |     1 |     1 ||     2
Armor: Scale mail        |     2 |     7 |       |       ||     9
       Plate armour      |       |     5 |    26 |    74 ||   105
Dodge: Dodged            |     8 |     9 |    21 |    76 ||   114
Block: Shield            |     4 |    20 |    40 |   176 ||   240
